AoeStats
← Puzotron

Arabia

506200449Analyzed
4v4 RM · 19d ago on Sep 12, 2026· 49m 24s· 8 players
Game mode
Random Map
Map size
Large (8 player)
Population
200
Speed
Normal
Resources
Standard
Victory
Conquest
Starting age
Dark Age
Ending age
Imperial Age
RankedLock teamsTeams togetherTeam positionsShared explorationLock speedFull tech treeHidden civsTurbo modeCheats
Victory
Defeat
🇧🇪 Japanese · Belgium
1194
+16
🇦🇷 Persians · Argentina
1187
+16
🇷🇺 Magyars · Russia
1150
+18
🇷🇺 Ethiopians · Russia
1130
+19
🇧🇷 Magyars · Brazil
1295
-20
🇧🇷 Persians · Brazil
1230
-19
🇧🇷 Vietnamese · Brazil
1150
-16
🇧🇷 Shu · Brazil
1103
-14
Vilkian
7:24 Loom
9:29 Feudal Age
10:54 Double-Bit Axe
13:27 Horse Collar
20:43 Castle Age
18:56 Gold Mining
20:13 Bloodlines
21:13 Scale Barding Armor
21:51 Bow Saw
23:02 Husbandry
26:02 Wheelbarrow
27:10 Chain Barding Armor
28:01 Forging
28:51 Heavy Plow
30:17 Iron Casting
33:13 Hand Cart
38:38 Imperial Age
38:16 Heavy Camel Rider
39:36 Plate Barding Armor
39:33 Town Watch
40:51 Blast Furnace
41:14 Gold Shaft Mining
44:41 Conscription
44:57 Hoardings
44:14 Fletching
Yzzark
7:50 Loom
9:46 Feudal Age
13:45 Loom
17:00 Padded Archer Armor
16:51 Fletching
17:09 Gold Mining
17:41 Double-Bit Axe
25:09 Castle Age
23:40 Horse Collar
25:53 Bodkin Arrow
25:19 Crossbowman
26:05 Thumb Ring
26:13 Bow Saw
27:26 Ballistics
27:25 Treadmill Crane
30:01 Heavy Plow
34:23 Imperial Age
34:19 Gold Shaft Mining
34:45 Arbalester
35:28 Bracer
35:45 Leather Archer Armor
36:56 Wheelbarrow
37:54 Chemistry
39:24 Hand Cart
40:33 Ring Archer Armor
41:06 Two-Man Saw
40:31 Stone Mining
44:19 Parthian Tactics
43:14 Heavy Cavalry Archer
44:08 Bloodlines
43:59 Husbandry
49:30 Conscription
Puzotron
12:07 Feudal Age
13:15 Loom
19:49 Castle Age
19:01 Fletching
20:19 Crossbowman
22:46 Bodkin Arrow
24:05 Padded Archer Armor
27:37 Ballistics
29:01 Thumb Ring
31:34 Double-Bit Axe
40:08 Imperial Age
39:02 Horse Collar
40:03 Leather Archer Armor
40:50 Arbalester
42:02 Conscription
42:53 Chemistry
41:59 Bracer
42:30 Ring Archer Armor
43:30 Wheelbarrow
Mr.Colt
11:34 Feudal Age
12:41 Double-Bit Axe
19:33 Scale Mail Armor
19:41 Scale Barding Armor
29:03 Castle Age
27:02 Horse Collar
47:37 Bloodlines
47:28 Husbandry
apyrupa_LimaH
5:34 Loom
9:01 Feudal Age
15:27 Fletching
15:38 Padded Archer Armor
15:46 Double-Bit Axe
16:21 Gold Mining
17:11 Horse Collar
24:45 Castle Age
24:50 Crossbowman
25:01 Crossbowman
25:38 Bodkin Arrow
26:15 Bow Saw
27:48 Heavy Plow
28:33 Gold Shaft Mining
30:37 Leather Archer Armor
35:53 Thumb Ring
39:02 Ballistics
41:32 Imperial Age
39:40 Wheelbarrow
41:13 Hand Cart
41:37 Arbalester
42:18 Bracer
43:36 Ring Archer Armor
APY_TIAGO
7:01 Loom
9:30 Feudal Age
9:53 Double-Bit Axe
11:32 Horse Collar
18:46 Scale Barding Armor
18:52 Forging
19:40 Bloodlines
20:33 Wheelbarrow
23:30 Castle Age
21:34 Gold Mining
24:23 Bow Saw
25:06 Chain Barding Armor
25:30 Heavy Plow
27:49 Town Watch
29:29 Fletching
34:07 Iron Casting
36:13 Husbandry
39:37 Hand Cart
39:33 Man-at-Arms
42:40 Bodkin Arrow
46:42 Imperial Age
46:10 Kamandaran
46:40 Crossbowman
47:23 Padded Archer Armor
49:08 Chemistry
48:25 Thumb Ring
ViRGuLiNo
7:04 Loom
11:25 Feudal Age
12:13 Double-Bit Axe
12:12 Horse Collar
20:51 Gold Mining
24:29 Castle Age
22:41 Scale Barding Armor
24:42 Light Cavalry
25:33 Bloodlines
25:24 Husbandry
25:46 Chain Barding Armor
35:34 Wheelbarrow
38:30 Hand Cart
42:57 Imperial Age
43:44 Heavy Plow
43:57 Bow Saw
43:26 Cavalier
44:44 Plate Barding Armor
45:21 Hussar
47:22 Pikeman
apyrupa_Veloz
12:17 Feudal Age
11:18 Loom
13:06 Double-Bit Axe
18:29 Fletching
19:11 Padded Archer Armor
Connection lost

Rejoining the realm…

Still unreachable

The connection could not be restored.

Session expired

The server has moved on; the page needs a fresh start.